 Dungeon Crawl Stone Soup version 0.29.0-4-gdea44cf6ec (webtiles) character file.

Game seed: 17241089418535187221

5 sanka the Sneak (level 1, 0/10 HPs)
             Began as a Felid Delver on Aug 27, 2022.
             Succumbed to an adder's poison
             ... on level 4 of the Dungeon.
             The game lasted 00:00:56 (418 turns).

sanka the Sneak (Felid Delver)                       Turns: 418, Time: 00:00:57

Health: 0/10       AC:  1    Str:  8    XL:     1   Next: 66%
Magic:  2/2        EV: 17    Int: 11    God:
Gold:   13         SH:  0    Dex: 17    Spells: 0/0 levels left
                                        Lives:  0   Deaths: 0

rFire   . . .      SeeInvis +     - Unarmed
rCold   . . .      Faith    .   (shield unavailable)
rNeg    . . .      Spirit   .   (body armour unavailable)
rPois   .          Reflect  .   (helmet unavailable)
rElec   .          Harm     .   (cloak unavailable)
rCorr   .          Rampage  .   (gloves unavailable)
Will    .....                   (boots unavailable)
Stlth   +++.......              (no amulet)
HPRegen 0.03/turn               (no ring)
MPRegen 0.08/turn               (no ring)

@: lethally poisoned (0 -> -5), quick
A: very small, claws 1, fangs 3, see invisible, speed 1, shaggy fur 1, stealthy
paws, no weapons or thrown items, no armour, multi-lived
a: no special abilities


You were on level 4 of the Dungeon.
You visited 1 branch of the dungeon, and saw 2 of its levels.

You collected 13 gold pieces.


Innate Abilities, Weirdness & Mutations

You have sharp claws.
You have razor-sharp teeth.
You have supernaturally acute eyesight. (SInv)
You cover ground quickly. (Speed+)
You are covered in fur. (AC +1)
Your paws help you pounce on unaware monsters.
You are incapable of wielding weapons or throwing items.
You cannot wear armour.
You gain extra lives every three experience levels.


   Skills:
 - Level 3.0 Fighting
 - Level 2.6 Dodging
 - Level 6.6 Stealth
 + Level 2.5 Unarmed Combat


You couldn't memorise any spells.
You didn't know any spells.
Your spell library contained the following spells:

 Spells                   Type           Power      Damage    Failure   Level
 Necrotise                Necr           0%         1d4       34%         1
 Vampiric Draining        Necr           0%         2d6       71%         3
 Agony                    Necr           0%         N/A       100%        5

Inventory:

Wands
 e - a wand of digging (3)
Scrolls
 a - a scroll of fog
 b - a scroll of magic mapping
 c - a scroll of fear
 f - a scroll of enchant weapon {unknown}
 g - 2 scrolls of teleportation {unknown}
Potions
 d - a potion of haste {@q3}

Dungeon Overview and Level Annotations

Branches:
Dungeon (5/15)
 Temple: D:4-7

Altars:

Shops:
D:4 (

Annotations:
D:4 Natasha

▒.▒▒.▒ ▒.▒▒.▒ ...
▒.▒▒.▒ ▒.▒ ▒.▒▒.▒
▒.▒ ▒.▒▒.▒ ▒ ▒.▒
..▒▒.▒▒▒.... ▒.▒
....>....... ▒.▒
S.▒▒▒▒▒▒▒▒▒. ▒S▒
...▒▒▒▒▒ ▒h▒
.......▒ ▒.▒▒▒.▒▒▒
P....▒.▒ ▒........
▒▒▒▒...▒ ▒.▒▒▒▒▒▒▒
+ .▒.▒▒▒▒
▒...≈...▒▒ ▒ ▒.▒▒..
▒..≈.≈...▒▒▒ ▒
.▒▒.▒ ▒▒.≈...≈.....
. ...▒
.▒▒≈..∩..≈.... . ▒
▒.▒▒▒.▒▒.≈...≈..▒▒▒


You could see an adder.


Message History

The goblin misses you.
The adder hisses angrily.
You scratch the goblin. Your bite misses the goblin.
The goblin is moderately wounded.
The goblin hits you with a +0 dagger.
You scratch the goblin but do no damage.
The goblin is moderately wounded.
The goblin hits you with a +0 dagger.
* * * LOW HITPOINT WARNING * * *
You scratch the goblin.
You kill the goblin!
The adder closely misses you.
You scratch the adder. Your bite misses the adder.
The adder is heavily wounded.
The adder bites you.
* * * LOW HITPOINT WARNING * * *
You are lethally poisoned!
The adder poisons you!
You scratch the adder.
The adder is severely wounded.
* * * LOW HITPOINT WARNING * * *
You feel sick. The adder barely misses you.
Unknown command.
You barely miss the adder. Your bite misses the adder.
The adder is severely wounded.
You die...

Action                   || total
-------------------------++-------
Melee: Unarmed           ||    21
 Stab: Sleeping          ||     1
Dodge: Dodged            ||    16

Levels and vault maps discovered:
D:4:      corexii_shack_village, layout_loops_ring, serial_shops,
          nicolae_diamond_shop, uniq_pikel, uniq_grinder,
          uniq_crazy_yiuf_cottage, uniq_natasha
D:5:      layout_gridville, minmay_misc_feat_room, guppyfry_early_lair_pool,
          uniq_duvessa

Notes
Turn   | Place    | Note
-------+----------+-------------------------------------------
     0 | D:5      | sanka the Felid Delver began the quest for the Orb.
     0 | D:5      | Reached XP level 1. HP: 10/10 MP: 2/2
    92 | D:4      | Noticed Natasha
   351 | D:5      | Noticed an iguana
   399 | D:4      | Found Sofihe's Antique Weapon Shop.
   417 | D:4      | HP: 1/10 [poisoned by an adder]
   418 | D:4      | Succumbed to an adder's poison

Vanquished Creatures
  A ball python (D:4)
  A goblin (D:4)
  A hobgoblin (D:4)
  A quokka (D:5)
4 creatures vanquished.
